 Dungeon Crawl Stone Soup version 0.29.1-2-gbd0b4ee654 (webtiles) character file.

Game seed: 660550320075157086

152 Huetiris the Covered (level 5, -1/47 HPs)
             Began as a Minotaur Fighter on Oct 28, 2022.
             Slain by a gnoll
             ... wielding a +0 spear
              (2 damage)
             ... on level 3 of the Dungeon.
             The game lasted 00:20:11 (2414 turns).

Huetiris the Covered (Minotaur Fighter)             Turns: 2414, Time: 00:20:16

Health: -1/47      AC:  8    Str: 22    XL:     5   Next: 11%
Magic:  4/4        EV:  9    Int:  5    God:
Gold:   106        SH:  4    Dex: 10    Spells: 4/4 levels left

rFire   . . .      SeeInvis .   e - +2 spear (vorpal)
rCold   + . .      Faith    .   c - +0 buckler
rNeg    . . .      Spirit   .   B - +0 scale mail {rC+}
rPois   .          Reflect  .   (helmet restricted)
rElec   .          Harm     .   (no cloak)
rCorr   .          Rampage  .   q - +0 pair of gloves
Will    .....                   (no boots)
Stlth   ..........              (no amulet)
HPRegen 0.15/turn               (no ring)
MPRegen 0.09/turn               (no ring)

@: hasted, very quick
A: horns 2, retaliatory headbutt
a: no special abilities


You were on level 3 of the Dungeon.
You visited 1 branch of the dungeon, and saw 3 of its levels.

You collected 106 gold pieces.

Inventory:

Hand Weapons
 a - a +0 war axe
 e - a +2 vorpal spear (weapon)
 h - a +1 short sword of draining
 n - a +2 mace of holy wrath
 u - a +0 war axe
 x - a +0 morningstar
 A - a +0 hand axe
Missiles
 C - 3 poisoned darts (quivered)
Armour
 b - a +0 scale mail
 c - a +0 buckler (worn)
 p - a +0 ring mail
 q - a +0 pair of gloves (worn)
 t - a +0 scale mail
 B - a +0 scale mail of cold resistance (worn)
Scrolls
 i - a scroll of butterflies {unknown}
 j - 2 scrolls of enchant armour {unknown}
 k - 2 scrolls of magic mapping {unknown}
 m - a scroll of blinking {unknown}
 s - 2 scrolls of vulnerability {unknown}
 v - a scroll of summoning {unknown}
 y - a scroll of teleportation {unknown}
 D - a scroll of amnesia {unknown}
Potions
 d - a potion of might
 f - a potion of brilliance {unknown}
 l - a potion of curing {unknown}
 o - 2 potions of attraction {unknown}
 r - 3 potions of lignification
 w - a potion of cancellation {unknown}
 z - a potion of heal wounds {unknown}


   Skills:
 + Level 4.3 Fighting
 + Level 3.2(3.6) Axes
 + Level 2.2(3.1) Maces & Flails
 + Level 4.9 Armour
 + Level 0.7 Dodging
 + Level 4.4 Shields


You had 4 spell levels left.
You didn't know any spells.
Your spell library was empty.

Dungeon Overview and Level Annotations

Branches:
Dungeon (3/15)

Altars:
Cheibriados
Fedhas


Innate Abilities, Weirdness & Mutations

You have a pair of horns on your head.
You reflexively headbutt those who attack you in melee.


Message History

The gnoll is heavily wounded.
The gnoll hits you with a +0 spear. The gnoll hits you but does no damage.
The gnoll hits you with a +0 spear!
The gnoll hits you from afar with a +0 spear.
You hit the gnoll.
The gnoll is severely wounded.
You block the gnoll's attack. The gnoll barely misses you.
The gnoll hits you but does no damage. The gnoll closely misses you.
The gnoll attacks as you move away! You block the gnoll's attack.
The gnoll barely misses you.
The gnoll hits you from afar with a +0 spear.
Setting a skill training target for Throwing at 6.0.
The gnoll hits you but does no damage.
The gnoll hits you from afar with a +0 spear. x2
* * * LOW HITPOINT WARNING * * *
The gnoll closely misses you.
You see here a quokka corpse.
You hit the gnoll. You headbutt the gnoll.
You kill the gnoll!
The gnoll hits you but does no damage. The gnoll barely misses you.
The gnoll hits you with a +0 spear.
* * * LOW HITPOINT WARNING * * *
You block the kobold's attack. The gnoll hits you with a +0 spear.
* * * LOW HITPOINT WARNING * * *
The gnoll hits you from afar with a +0 spear.
* * * LOW HITPOINT WARNING * * *
The gnoll barely misses you.
It was a potion of haste.
You feel yourself speed up.
The gnoll closely misses you. x2; The kobold closely misses you.
You block the gnoll's attack.
You hit the kobold.
You kill the kobold!
You hit the gnoll.
The gnoll is heavily wounded.
The gnoll hits you with a +0 spear.
* * * LOW HITPOINT WARNING * * *
The gnoll hits you from afar with a +0 spear.
* * * LOW HITPOINT WARNING * * *
The gnoll hits you from afar with a +0 spear.
You die...

############
#..........#######
#.#.######........
#.#.#≈≈≈≈#.#######
######.#.'≈>.≈#.########.#
(...)....'≈._≈#.##g.....#
########.#≈≈≈≈#.@)g...#
..######.#g....#
######.#.. ...#.........
...........#.####.....##.#
....#. ###.# ##.#..# .#
....## .# #.#.... . ....#
.# #.#..... ....# ....#...
....#


You could see 3 gnolls.

Vanquished Creatures
  Terence (D:2)
  A gnoll (D:3)
  3 adders (D:2)
  3 worms
  2 dart slugs
  7 orcs
  4 ball pythons
  7 bats
  3 endoplasms
  2 giant cockroaches
  10 goblins
  4 hobgoblins
  6 kobolds
  4 quokkas
  4 frilled lizards
  8 rats
69 creatures vanquished.

Notes
Turn   | Place    | Note
-------+----------+-------------------------------------------
     0 | D:1      | Huetiris the Minotaur Fighter began the quest for the Orb.
     0 | D:1      | Reached XP level 1. HP: 19/19 MP: 0/0
   115 | D:1      | Reached XP level 2. HP: 26/27 MP: 1/1
   126 | D:1      | You fall into a shaft and drop 1 floor!
   904 | D:2      | Reached XP level 3. HP: 31/33 MP: 2/2
  1138 | D:2      | Reached skill level 1 in Maces & Flails
  1162 | D:2      | Reached XP level 4. HP: 35/40 MP: 3/3
  1645 | D:2      | Noticed Terence
  1652 | D:2      | Killed Terence
  2307 | D:3      | Reached XP level 5. HP: 42/46 MP: 4/4
  2307 | D:3      | Found a snail-covered altar of Cheibriados.
  2375 | D:3      | Found a blossoming altar of Fedhas.
  2414 | D:3      | HP: 1/47 [gnoll/+0 spear (5)]
  2414 | D:3      | Slain by a gnoll

Illustrated notes

Levels and vault maps discovered:
D:1:      elethiomel_arrival_quiet, layout_basic, minivault_5
D:2:      minmay_general_purpose_star, layout_basic, st_stairs_2,
          minmay_misc_feat_hallway, uniq_terence
D:3:      layout_loops_ring, cheibriados_altar_1, general_overflow_altar,
          serial_rivers, chequers_serial_rivers_small_3,
          chequers_serial_rivers_micro_a, chequers_serial_rivers_marsh,
          chequers_serial_rivers_small_b

Skill      XL: |  1  2  3  4 |
---------------+-------------+-----
Shields        | 4 |  4.4
Fighting       | 4 |  4.3
Axes           | 3 |  3.2
Armour         | 4 |  4.9
Maces & Flails | 1 2 |  2.2
Dodging        | |  0.7

Action                   |  1- 3 |  4- 6 || total
-------------------------+-------+-------++-------
Melee: War axe           |    50 |       ||    50
       Mace              |    47 |    33 ||    80
       Headbutt          |     5 |    10 ||    15
       Spear             |       |    13 ||    13
  Use: Scroll            |     1 |     1 ||     2
       Potion            |       |     1 ||     1
Armor: Scale mail        |    56 |    26 ||    82
Dodge: Dodged            |    54 |    35 ||    89
Block: Buckler           |    27 |    14 ||    41
